 Dungeon Crawl Stone Soup version 0.19-a0-258-g6208554 (webtiles) character file.

128 Steelers13 the Slasher (level 4, -6/41 HPs)
             Began as a Minotaur Berserker on May 24, 2016.
             Was a Believer of Trog.
             Mangled by Wraiths's ghost (7 damage)
             ... on level 3 of the Dungeon.
             The game lasted 00:10:19 (2301 turns).

Steelers13 the Slasher (Minotaur Berserker)         Turns: 2301, Time: 00:10:19

Health: -6/41      AC:  3    Str: 23    XL:     4   Next: 86%
Magic:  3/3        EV: 12    Int:  4    God:    Trog [**....]
Gold:   72         SH:  0    Dex:  9    Spells: 0 memorised, 3 levels left

rFire  . . .     SeeInvis .     a - +0 falchion
rCold  . . .     Gourm    .     b - +0 animal skin
rNeg   . . .     Faith    .     (no shield)
rPois  .         Spirit   .     (helmet restricted)
rElec  .         Dismiss  .     (no cloak)
rCorr  .         Reflect  .     n - +0 pair of gloves
SustAt .         Harm     .     (no boots)
MR     .....                    (no amulet)
Stlth  +.........               (no ring)
                                (no ring)

@: not resistant to hostile enchantments, very unstealthy
A: retaliatory headbutt, horns 2
a: Berserk, Trog's Hand, Burn Spellbooks, Renounce Religion


You were on level 3 of the Dungeon.
You worshipped Trog.
Trog was pleased with you.
You were not hungry.

You visited 1 branch of the dungeon, and saw 3 of its levels.

You collected 72 gold pieces.

Inventory:

Hand Weapons
 a - a +0 falchion (weapon)
 l - a +0 club
Missiles
 o - 4 tomahawks (quivered)
Armour
 b - a +0 animal skin (worn)
 n - a +0 pair of gloves (worn)
Wands
 p - a wand of disintegration (17/24)
Scrolls
 d - a scroll of remove curse {unknown}
 i - a scroll of recharging {unknown}
 k - a scroll of immolation {unknown}
 m - 3 scrolls of fog {unknown}
 r - a scroll of teleportation {unknown}
 v - a scroll of noise {unknown}
Potions
 e - a potion of flight {unknown}
 g - 2 potions of might {unknown}
 h - a potion of degeneration {unknown}
 q - a potion of brilliance {unknown}
 s - a potion of ambrosia {unknown}
 t - a potion of heal wounds {unknown}
 w - a potion of curing {unknown}
Comestibles
 c - a bread ration
 f - a beef jerky
 j - 8 fruits


   Skills:
 + Level 4.6 Fighting
 + Level 4.8 Long Blades
 + Level 2.8 Armour
 + Level 3.5 Dodging
 + Level 0.5 Stealth


You had 3 spell levels left.
You didn't know any spells.

Dungeon Overview and Level Annotations

Branches:
Dungeon (3/15)

Altars:

Annotations:
D:3 Wraiths's ghost, novice GrMo


Innate Abilities, Weirdness & Mutations

You reflexively headbutt those who attack you in melee.
You have a pair of horns on your head.


Message History

You hit Wraiths's ghost.
Wraiths's ghost is lightly damaged.
Wraiths's ghost misses you. You furiously retaliate!
You headbutt Wraiths's ghost. You barely miss Wraiths's ghost.
Wraiths's ghost is lightly damaged.
Wraiths's ghost hits you.
* * * LOW HITPOINT WARNING * * *
You closely miss Wraiths's ghost.
Wraiths's ghost is lightly damaged.
Wraiths's ghost misses you.
You hit Wraiths's ghost but do no damage.
Wraiths's ghost is lightly damaged.
Wraiths's ghost hits you.
* * * LOW HITPOINT WARNING * * *
You hit Wraiths's ghost but do no damage.
Your headbutt misses Wraiths's ghost.
Wraiths's ghost is lightly damaged.
Wraiths's ghost hits you!
You die...

#.# #.#
#.#
...8.#
#.#
......
#.#
.....
#.# ...8
#W# ...#
#@#
...#####
#.#
.......#
#.#
.......#
#.#
'####.##
#.# .#
#.# #.#
.# #.#
#.# <#
#.# #.#
## #.#
#.#


You could see Wraiths's ghost.

Vanquished Creatures
  Jessica (D:2)
  5 adders
  An ooze (D:2)
  A dart slug (D:1)
  A giant gecko (D:1)
  A giant cockroach (D:2)
  4 hobgoblins
  9 jackals
  2 ball pythons
  4 bats (D:2)
  3 giant newts
  5 goblins (D:1)
  8 kobolds
  5 rats
50 creatures vanquished.

Notes
Turn   | Place    | Note
--------------------------------------------------------------
     0 | D:1      | Steelers13 the Minotaur Berserker began the quest for the Orb.
     0 | D:1      | Reached XP level 1. HP: 19/19 MP: 0/0
   293 | D:1      | Reached XP level 2. HP: 27/27 MP: 1/1
   575 | D:1      | Reached XP level 3. HP: 6/34 MP: 2/2
  1359 | D:2      | Reached ** piety under Trog
  1390 | D:2      | Reached XP level 4. HP: 28/41 MP: 3/3
  1712 | D:2      | Noticed Jessica
  1723 | D:2      | Killed Jessica
  2282 | D:3      | Noticed Wraiths's ghost (novice GrMo)
  2300 | D:3      | HP: 1/41 [Wraiths's ghost (6)]
  2301 | D:3      | Mangled by Wraiths's ghost

Vault maps used:
D:1:      dpeg_arrival_simpleton_a
D:2:      minivault_19, uniq_jessica
D:3:      minitemple, uniq_iyjb

Skill      XL: |  1  2  3  4 |
---------------+-------------+-----
Fighting       | 4 |  4.6
Long Blades    | 4 |  4.8
Dodging        | 3 |  3.5
Armour         | |  2.8
Stealth        | |  0.5

Action                   |  1- 3 |  4- 6 || total
-------------------------+-------+-------++-------
Melee: Falchion          |    57 |    56 ||   113
       Headbutt          |     6 |     2 ||     8
Invok: Berserk           |       |     1 ||     1
 Stab: Sleeping          |       |     1 ||     1
  Eat: Chunk             |     1 |     1 ||     2
       Bread ration      |       |     1 ||     1
Armor: Animal skin       |    24 |    16 ||    40
Dodge: Dodged            |    56 |    44 ||   100
